 Dungeon Crawl Stone Soup version 0.32-a0-918-g0f22ef8d61 (webtiles) character file.

Game seed: 14410839771177055847

426511 Gadrel the Acrobat (level 21, -1/122 HPs)
             Began as a Spriggan Earth Elementalist on Apr 5, 2024.
             Was the Champion of Jiyva.
             Killed from afar by an ancient lich (69 damage)
             ... with a crystal spear
             ... on level 5 of the Vaults on Apr 11, 2024.
             The game lasted 02:49:40 (28178 turns).

Gadrel the Acrobat (Spriggan Earth Elementalist)   Turns: 28178, Time: 02:49:40

Health: -1/122     AC:  9    Str:  4    XL:     21   Next: 25%
Magic:  26/63      EV: 46    Int: 27    God:    Jiyva [******]
Gold:   2467       SH: 10    Dex: 28    Spells: 14/57 levels left

rFire   + + +        a - +3 sling of the Hall of Blades {elec, rElec rPois Will- MP+9}
rCold   + + .        v - +0 buckler
rNeg    . . .        F - +0 robe {rC+ rF+}
rPois   +            o - +3 hat of Pondering {ponderous, Will+ MP+10 Int+5}
rElec   +            z - scarf {rC+ rF+}
rCorr   +            (gloves unavailable)
SInv    +            (boots unavailable)
Will    +++++        P - amulet of reflection
Stlth   ++++         h - ring of flight {+Fly, !d}
HPRegen 2.00/turn    w - ring "Tys Pa Awke" {Fire Will+ rCorr Dex+3}
MPRegen 1.18/turn

%: reflection
@: flying, very quick
A: very small, no large weapons, unfitting armour, see invisible, speed 3,
iridescent scales 1, agile 2, cold resistance 1, strong-willed 2, robust 1, wild
magic 1, gelatinous body 2, translucent skin 1, jelly sensing items, sturdy
frame 1, engulf
}: 3/15 runes: barnacled, slimy, gossamer
a: Renounce Religion, Oozemancy, Slimify


You were on level 5 of the Vaults.
You worshipped Jiyva.
Jiyva was exalted by your worship.
You visited 8 branches of the dungeon, and saw 43 of its levels.
You also visited: Ice Cave and Wizlab.

You collected 4398 gold pieces.
You spent 1931 gold pieces at shops.

Inventory:

Hand Weapons
 a - the +3 sling of the Hall of Blades (weapon) {elec, rElec rPois Will- MP+9}
   (You found it on level 5 of the Lair of Beasts)

   rElec:     It insulates you from electricity.
   rPois:     It protects you from poison.
   Will-:     It decreases your willpower.
   MP+9:      It affects your magic capacity (+9).
 C - the +9 flail of the Middle {heavy, ^Contam Will+ Int+7}
   (You took it off a merfolk on level 4 of the Shoals)

   Int+7:     It affects your intelligence (+7).
   Will+:     It increases your willpower.
   ^Contam:   It causes magical contamination when unequipped.
 Q - the +7 mace "Abyc" {elec, +Blink rF+ rC+}
   (You found it on level 5 of the Pits of Slime)

   rF+:       It protects you from fire.
   rC+:       It protects you from cold.
   +Blink:    It lets you blink.
Missiles
 q - 9 throwing nets {!d}
 x - 6 curare-tipped darts
Armour
 j - a +2 cloak of willpower
   (You took it off Maurice on level 11 of the Dungeon)
 k - quicksilver dragon scales
   (You found it in a wizard's laboratory)
 o - the +3 hat of Pondering (worn) {ponderous, Will+ MP+10 Int+5}
   (You found it on level 5 of the Pits of Slime)

   Int+5:     It affects your intelligence (+5).
   Will+:     It increases your willpower.
   MP+10:     It affects your magic capacity (+10).
 v - a +0 buckler (worn)
   (You took it off a gnoll sergeant on level 12 of the Dungeon)
 z - a scarf of resistance (worn)
   (You found it on level 4 of the Spider Nest)
 F - a +0 robe of resistance (worn)
   (You took it off Pikel on level 9 of the Dungeon)
 Z - the orb "Gigrutt" {guile, rElec Slay+3}
   (You found it on level 2 of the Spider Nest)

   Slay+3:    It affects your accuracy & damage with ranged weapons and melee
   (+3).
   rElec:     It insulates you from electricity.
Magical Staves
 L - the staff of Fragile Peace {rElec rF+ Dex+3 Air}
   (You found it on level 5 of the Pits of Slime)

   [staff of air]

   Base accuracy: +5 Base damage: 5 Base attack delay: 1.2 This weapon's minimum
   attack delay (0.6) is reached at skill level 12.
   Dex+3:     It affects your dexterity (+3).
   rF+:       It protects you from fire.
   rElec:     It insulates you from electricity.
   Air:       It increases the power of your Air spells.
   It falls into the 'Staves' category.
   It is a two-handed weapon.
 T - a staff of alchemy
   (You found it on level 4 of the Shoals)
 X - the staff "Ipsisoy" {Str+6 Dex+4 Earth}
   (You found it on level 3 of the Elven Halls)

   [staff of earth]

   Base accuracy: +5 Base damage: 5 Base attack delay: 1.2 This weapon's minimum
   attack delay (0.6) is reached at skill level 12.
   Str+6:     It affects your strength (+6).
   Dex+4:     It affects your dexterity (+4).
   Earth:     It increases the power of your Earth spells.
   It falls into the 'Staves' category.
   It is a two-handed weapon.
Jewellery
 h - a ring of flight (left hand) {+Fly, !d}
   (You found it on level 2 of the Dungeon)
 s - the ring of Xioteic {Ice Dex+2}
   (You found it in an ice cave)

   [ring of ice]

   Ice:       It enhances your ice magic.
   Dex+2:     It affects your dexterity (+2).
   rF-:       It makes you vulnerable to fire.
   rC+:       It protects you from cold.
 w - the ring "Tys Pa Awke" (right hand) {Fire Will+ rCorr Dex+3}
   (You found it on level 6 of the Dungeon)

   [ring of fire]

   Fire:      It enhances your fire magic.
   Dex+3:     It affects your dexterity (+3).
   rF+:       It protects you from fire.
   rC-:       It makes you vulnerable to cold.
   Will+:     It increases your willpower.
   rCorr:     It protects you from acid and corrosion.
 A - a +4 ring of protection
   (You took it off a deep elf annihilator on level 3 of the Elven Halls)
 P - an amulet of reflection (around neck)
   (You found it on level 3 of the Elven Halls)
Talismans
 i - a granite talisman
   (You took it off Roxanne on level 2 of the Spider Nest)
Wands
 d - a wand of digging (8)
   (You found it on level 4 of the Spider Nest)
 g - a wand of light (10)
   (You found it on level 2 of the Dungeon)
 p - a wand of paralysis (41)
   (You found it on level 5 of the Pits of Slime)
 u - a wand of roots (41)
   (You found it on level 6 of the Dungeon)
 y - a wand of mindburst (24)
   (You took it off Pikel on level 9 of the Dungeon)
Scrolls
 b - 6 scrolls of enchant armour
 e - 3 scrolls of fog
 f - 5 scrolls of amnesia
 n - 6 scrolls of poison
 D - 2 scrolls of blinking {!r}
 E - 6 scrolls of fear
 K - 4 scrolls of immolation {!r}
 O - 3 scrolls of silence
 S - 3 scrolls of summoning
 V - 5 scrolls of vulnerability {!r!r}
 W - 2 scrolls of revelation
 Y - 9 scrolls of teleportation {@r3}
Potions
 c - 2 potions of enlightenment
 r - 4 potions of cancellation
 t - a potion of magic
 B - 4 potions of brilliance
 G - 9 potions of ambrosia {!q}
 H - a potion of haste
 I - 3 potions of invisibility
 J - 2 potions of curing {@q1}
 M - 5 potions of might
 N - 2 potions of heal wounds {@q2}
 R - 3 potions of resistance
 U - 4 potions of mutation {!q}
Miscellaneous
 l - a condenser vane
   (You found it on level 4 of the Shoals)
 m - a phantom mirror
   (You found it on level 5 of the Vaults)


   Skills:
 - Level 12.0 Fighting
 - Level 2.0 Short Blades
 - Level 22.2 Dodging
 - Level 3.0 Stealth
 + Level 18.9 Spellcasting
 - Level 5.0 Conjurations
 - Level 10.0 Hexes
 - Level 10.0 Necromancy
 - Level 1.0 Translocations
 - Level 5.0 Fire Magic
 + Level 9.2 Ice Magic
 + Level 14.7 Earth Magic
 - Level 16.0 Alchemy
 - Level 10.0 Evocations


You had 14 spell levels left.
You knew the following spells:

 Your Spells              Type           Power      Damage    Failure   Level
a - Eringya's Noxious Bo  Alch           49%        4d6       1%          6
b - Olgreb's Toxic Radia  Alch           98%        N/A       1%          4
c - Ignite Poison         Fire/Alch      100%       N/A       1%          4
d - Stone Arrow           Conj/Erth      100%       3d13      1%          3
x - Permafrost Eruption   Ice/Erth       43%        2x4d10    7%          6
z - Lee's Rapid Deconstr  Erth           47%        3d23*     1%          5
G - Apportation           Tloc           80%        N/A       4%          1
M - Sublimation of Blood  Necr           80%        N/A       1%          2
R - Petrify               Alch/Erth      96%        N/A       1%          4
W - Passwall              Erth           95%        N/A       1%          3
Y - Yara's Violent Unrav  Hex/Alch       45%        3d18      1%          5

Your spell library contained the following spells:

 Spells                   Type           Power      Damage    Failure   Level
 Kiss of Death            Conj/Necr      100%       2d13      1%          1
 Magic Dart               Conj           100%       1d8       1%          1
 Necrotise                Necr           100%       1d9       1%          1
 Sandblast                Erth           100%       2d20      1%          1
 Slow                     Hex            100%       N/A       1%          1
 Sting                    Conj/Alch      100%       1d9       1%          1
 Jinxbite                 Hex            100%       N/A       1%          2
 Mercury Vapours          Alch/Air       100%       N/A       1%          2
 Confusing Touch          Hex            80%        N/A       1%          3
 Dazzling Flash           Conj/Hex       100%       N/A       1%          3
 Fugue of the Fallen      Necr           80%        N/A       1%          3
 Hailstorm                Conj/Ice       70%        3d12      1%          3
 Inner Flame              Hex/Fire       91%        N/A       1%          3
 Mephitic Cloud           Conj/Alch/Air  70%        N/A       1%          3
 Ozocubu's Armour         Ice            78%        N/A       1%          3
 Sigil of Binding         Hex            80%        N/A       1%          3
 Vampiric Draining        Necr           80%        2d11      1%          3
 Anguish                  Hex/Necr       40%        N/A       1%          4
 Animate Dead             Necr           80%        N/A       1%          4
 Brom's Barrelling Bould  Conj/Erth      80%        2d9       1%          4
 Dispel Undead            Necr           80%        3d26      1%          4
 Fulminant Prism          Conj/Alch      41%        3d19      1%          4
 Leda's Liquefaction      Alch/Erth      48%        N/A       1%          4
 Sticky Flame             Fire/Alch      100%       2d15      1%          4
 Alistair's Intoxication  Alch           65%        N/A       1%          5
 Shock                    Conj/Air       100%       1d9       2%          1
 Animate Armour           Summ/Erth      100%       N/A       3%          4
 Curse of Agony           Necr           80%        N/A       3%          5
 Metabolic Englaciation   Hex/Ice        39%        N/A       3%          5
 Volatile Blastmotes      Fire/Tloc      100%       2d18      5%          3
 Sculpt Simulacrum        Ice/Alch       44%        N/A       5%          6
 Summon Small Mammal      Summ           100%       N/A       6%          1
 Flame Wave               Conj/Fire      80%        2d17      8%          4
 Martyr's Knell           Necr/Summ      62%        N/A       8%          4
 Call Imp                 Summ           66%        N/A       9%          2
 Maxwell's Portable Pile  Tloc           40%        2d(9-25)  11%         3
 Teleport Other           Tloc           40%        N/A       11%         3
 Death Channel            Necr           40%        N/A       13%         6
 Iskenderun's Mystic Bla  Conj/Tloc      53%        2d11      (+2d616%    4
 Silence                  Hex/Air        31%        N/A       19%         5
 Summon Mana Viper        Hex/Summ       62%        N/A       19%         5
 Summon Lightning Spire   Summ/Air       33%        N/A       43%         4
 Arcjolt                  Conj/Air       25%        1d35      43%         5
 Enfeeble                 Hex            40%        N/A       54%         7
 Starburst                Conj/Fire      40%        6d11      65%         6
 Summon Forest            Summ/Tloc      18%        N/A       71%         5
 Conjure Ball Lightning   Conj/Air       25%        3x3d7     93%         6
 Plasma Beam              Fire/Air       33%        2x1d46    93%         6
 Dispersal                Tloc           20%        N/A       99%         6
 Gell's Gavotte           Tloc           20%        2d(20-30) 99%         6
 Haunt                    Necr/Summ      31%        N/A       99%         7
 Orb of Destruction       Conj           31%        9d10      99%         7
 Infestation              Necr           40%        N/A       99%         8
 Summon Cactus Giant      Summ           16%        N/A       100%        6
 Malign Gateway           Summ/Tloc      18%        N/A       100%        7
 Manifold Assault         Tloc           20%        N/A       100%        7
 Summon Hydra             Summ           16%        N/A       100%        7
 Maxwell's Capacitive Co  Air            16%        ∞         100%        8


Dungeon Overview and Level Annotations

Branches:
Dungeon (15/15)            Temple (0/1) D:7            Lair (5/5) D:11
 Shoals (4/4) Lair:2       Spider (4/4) Lair:2        Slime (5/5) Lair:4
    Orc (2/2) D:11            Elf (3/3) Orc:2        Vaults (5/5) D:14
 Depths (0/4) D:15          IceCv (visited)          WizLab (visited)
  Crypt: Vaults:2-3

Altars:
Ashenzari
Cheibriados
Fedhas
Gozag
Hepliaklqana
Kikubaaqudgha
Nemelex Xobeh
Okawaru
Uskayaw
Xom
Jiyva

Shops:
D:8 **   D:9 *   D:10 :   Orc:2 :*[:*   Elf:1 :?!

Annotations:
Elf:2 3 runed translucent doors


Innate Abilities, Weirdness & Mutations

You are very small and have problems with some larger weapons.
You are too small for most types of armour.
You have supernaturally acute eyesight. (SInv)
You cover ground extremely quickly. (Speed+++)
You are partially covered in iridescent scales. (AC +2)
You are very agile. (Dex +8, Str/Int -2)
Your flesh is cold resistant. (rC+)
You are highly strong-willed. (Will++)
You are robust. (+10% HP)
Your spells are a little harder to cast, but a little more powerful.
Your pliable body absorbs attacks. (AC +2, EV +2)
Your translucent skin slightly reduces your foes' accuracy. (Stealth+)
You have a small jelly attached to you that senses nearby items.
Your movements are slightly less encumbered by armour. (ER -2)
Your melee attacks may engulf your foes in ooze.


Message History

You feel a surge of power!
You ignite the poison in your surroundings!
The shining eye seems to burn from within!!!
You kill the shining eye!
Health restored: 122 You now have 52/63 mp.
A malevolent force fills the Vaults...
With a horrendous wail, an alarm goes off!
A sentinel's mark forms upon you.
You hear a shout!
You hear a chilling moan.
You hear a deafening roar!
You hear a shout!
You hear two shouts! x2; You hear a shout! x6
You hear two shouts!
You hear a deafening roar!
You hear a shout! x10
You hear two shouts!
You hear a shout! x2; You hear an angry growl.
Your magical effects are unravelling.
You feel magically purged.
The sentinel's mark upon you fades away.
Your toxic aura wanes.
You regained 2 mp, and now have 55/63 mp.
An ancient lich comes into view.
Press: ? - help, Dir - move target A heavily etched metal wall.
The metal wall shatters!
The blast of metal fragments hits the ancient lich but does no damage.
The ancient lich gestures at you while chanting.
The bolt of acid misses you.
You now have 58/63 mp.
Press: ? - help, Dir - move target A heavily etched metal wall.
The metal wall shatters!
The blast of metal fragments hits the ancient lich!
You now have 54/63 mp.
Press: ? - help, Dir - move target A heavily etched metal wall.
The metal wall shatters!
The blast of metal fragments hits the ancient lich!
A stone giant comes into view.
The ancient lich casts a spell at you. The bolt of acid misses you.
You now have 51/63 mp.
Press: ? - help, Dir - move target A heavily etched metal wall.
The metal wall shatters!
The blast of metal fragments hits the ancient lich!
The ancient lich points at you and mumbles some strange words.
The bolt of acid misses you.
A titan comes into view.
You now have 48/63 mp.
Press: ? - help, Dir - move target A heavily etched metal wall.
The metal wall shatters!
The blast of metal fragments hits the ancient lich!!
You now have 45/63 mp.
You begin to radiate toxic energy.
The titan is poisoned.
The stone giant is poisoned.
A phantasmal warrior comes into view.
You now have 42/63 mp.
Press: ? - help, Dir - move target A heavily etched metal wall.
The metal wall shatters!
The blast of metal fragments hits the ancient lich!!
The stone giant looks even sicker.
Your toxic aura wanes.
The stone giant throws a large rock.
The large rock completely misses you. The phantasmal warrior gestures at you.
The phantasmal warrior blinks!
You now have 38/63 mp.
Press: ? - help, Dir - move target A heavily etched metal wall.
The metal wall shatters!
The blast of metal fragments hits the ancient lich!!
The stone giant throws a large rock.
The large rock completely misses you.
The titan waves its arms in wide circles.
The air twists around and strikes you!!
You hear a distant slurping noise.
You take 24 damage, and have 98/122 hp.
You now have 34/63 mp.
Press: ? - help, Dir - move target A heavily etched metal wall.
The metal wall shatters!
The blast of metal fragments hits the ancient lich but does no damage.
The phantasmal warrior gestures at you.
The phantasmal warrior blinks!
The ancient lich touches you but does no damage.
The titan waves its arms in wide circles.
The air twists around and strikes you!!
You shudder from the blast and a jelly pops out!
You take 32 damage, and have 66/122 hp.
MASSIVE DAMAGE!!
You now have 30/63 mp.
Press: ? - help, Dir - move target A heavily etched metal wall.
The metal wall shatters!
The blast of metal fragments hits the ancient lich!!
The blast of metal fragments hits the phantasmal warrior!
The phantasmal warrior gestures at you.
The phantasmal warrior blinks!
The ancient lich casts a spell at you. The crystal spear hits you!!!
Ouch! That really hurt!
You die...
Jiyva sends a jelly to digest your remains.

######## ........ ........
∆ . ..######## ### ### ##
.. †).#.###.###.###.###.##
...
#.....#...#...#...#...#...#
##..........C...@L§......#
#.....#.....§..W........##
##...###.......J..C......#
###.## ##..#.†....#.......#
##..)###).###†...###.....##
#.....#..##.##..## #...##
##..)...##)......## ....#
###......##.??....# .....#
##........##|(".#........##


You could see a titan (poisoned, ally target), an ancient lich, a stone giant
(very poisoned), a phantasmal warrior and a friendly quicksilver ooze
(summoned).

Vanquished Creatures
  2 dread liches (Vaults:5)
  A Head Instructor (WizLab)
  Rupert (D:13)
  2 tentacled monstrosities (Vaults:5)
  A shard shrike skeleton (Shoals:4)
  3 deep elf blademasters (Elf:3)
  A lich (Vaults:5)
  2 titans (Vaults:5)
  4 sphinxes (Vaults:5)
  2 deep elf master archers (Elf:3)
  4 krakens (Shoals:4)
  Roxanne (Spider:2)
  Donald (Spider:2)
  2 shadow dragons
  2 tengu reavers (Vaults:5)
  3 emperor scorpions (Spider:4)
  2 frost giants (Vaults:5)
  2 draconian knights (WizLab)
  5 vault wardens
  An iron dragon (Vaults:5)
  8 deep elf sorcerers
  4 ghost moths
  5 deep elf elementalists (Elf:3)
  A broodmother (Spider:1)
  A stone giant (Vaults:5)
  2 very ugly things (IceCv)
  9 ironbound preservers
  The ghost of jamsaran the Destroyer, a journeyman TeSu of Sif Muna (Orc:2)
  11 deep elf annihilators
  A vampire knight (WizLab)
  7 deep elf demonologists (Elf:3)
  Nessos (Orc:2)
  The ghost of dogverified the Grappler, a journeyman TrFi of Trog (Lair:3)
  4 deep elf death magi
  4 spark wasps
  7 dire elephants
  2 merfolk javelineers
  2 ettins (Vaults:5)
  A fire dragon (D:15)
  An entropy weaver (shapeshifter) (D:15)
  3 entropy weavers
  8 merfolk impalers
  10 deep elf high priests
  Josephine (Lair:5)
  4 hydras
  The ghost of Nienaovo the Fighter, a journeyman GrFi of the Shining One (Lair:2)
  Erolcha (D:12)
  6 yaktaur captains
  A caustic shrike simulacrum (IceCv)
  3 merfolk avatars
  24 vault guards (Vaults:5)
  An ironbound frostheart (Vaults:3)
  7 centaur warriors
  A peacekeeper (Vaults:3)
  2 alligators (Lair:3)
  4 ogre magi
  2 spriggan air magi (WizLab)
  21 two-headed ogres
  A jorogumo (Spider:1)
  2 alligator snapping turtles (Shoals:4)
  7 merfolk aquamancers
  2 satyrs (Shoals:3)
  21 dancing weapons
  4 catoblepae
  2 radroaches
  7 death yaks (Lair:5)
  5 boulder beetles
  7 demonic crawlers
  A vampire mage (WizLab)
  2 occultists (WizLab)
  A hell knight (WizLab)
  3 orc high priests
  4 skysharks
  11 deep elf knights
  2 skeletal warriors
  9 pharaoh ants
  8 orb spiders
  11 sea snakes
  A sea snake (shapeshifter) (Elf:3)
  4 mana vipers (WizLab)
  A deep troll (shapeshifter) (Elf:3)
  2 spriggan druids (Elf:1)
  25 deep trolls
  16 deep elf archers
  2 sun moths
  An orc knight (Orc:2)
  2 orange crystal statues (IceCv)
  3 phantasmal warriors
  2 arcanists
  6 ironbound convokers
  4 thermic dynamos
  Pikel (D:9)
  20 deep elf pyromancers
  23 deep elf zephyrmancers
  A steelbarb worm (shapeshifter) (Vaults:5)
  An obsidian bat (Orc:1)
  3 steelbarb worms
  27 harpies
  2 lindwurms
  2 necromancers
  24 wolf spiders
  5 orc sorcerers
  9 cyclopes
  An oklob plant (Orc:2)
  20 ugly things
  A shining eye (shapeshifter) (Vaults:5)
  18 manticores
  The ghost of ratmeat3 the Martial Artist, a novice OpFi (D:6)
  Maurice (D:11)
  6 fauns
  6 meliai
  8 merfolk sirens
  22 elephants
  2 moths of wrath
  2 kobold blastminers (Orc:1)
  6 torpor snails
  3 black mambas
  5 water nymphs
  An ice statue (Elf:2)
  10 vault sentinels
  6 cane toads
  4 rime drakes
  3 freezing wraiths (IceCv)
  An anaconda simulacrum (IceCv)
  7 komodo dragons
  A yaktaur (shapeshifter) (Elf:1)
  20 yaktaurs
  5 golden dragon simulacra (IceCv)
  8 trolls
  5 tengu conjurers
  A queen bee (shapeshifter) (Elf:3)
  A polar bear (Lair:3)
  A hornet (shapeshifter) (Elf:2)
  5 hornets (Spider:4)
  19 merfolk
  19 blink frogs
  13 jumping spiders
  20 tarantellas
  A dream sheep (shapeshifter) (Vaults:5)
  6 wind drakes
  7 alligator simulacra (IceCv)
  12 snapping turtles
  4 dream sheep (Shoals:4)
  23 culicivoras
  5 merfolk skeletons (Shoals:4)
  6 wyverns
  A vampire (D:12)
  Sigmund (D:5)
  4 air elementals (Elf:3)
  6 shadows
  A yak (shapeshifter) (Elf:1)
  10 wraiths
  22 water elementals
  25 yaks
  2 fire elementals
  3 vampire mosquitoes (D:12)
  30 redbacks
  4 wargs
  2 acid dragons (D:11)
  2 hydra simulacra (IceCv)
  Duvessa (D:5)
  10 water moccasins
  16 orc warriors
  A sky beast (D:7)
  5 ice beasts
  A black bear (shapeshifter) (Elf:1)
  26 ogres
  9 centaurs
  3 phantoms
  8 wolves
  4 snapping turtle skeletons (Shoals:4)
  A kobold brigand (D:9)
  4 gnoll sergeants
  15 bullfrogs
  An earth elemental (Elf:1)
  A scorpion (D:6)
  A troll zombie (D:11)
  4 wights (D:9)
  Dowan (D:5)
  A lindwurm simulacrum (IceCv)
  A howler monkey (D:11)
  An electric eel (Spider:2)
  2 bombardier beetles
  8 hounds
  2 jellies
  5 gnoll boudas
  7 orc priests
  A water moccasin simulacrum (D:6)
  5 hell rats
  26 orc wizards
  6 ogre zombies (D:11)
  35 gnolls
  6 adders
  2 shadow imps
  6 white imps
  2 dart slugs
  58 orcs
  An endoplasm (D:1)
  4 giant cockroaches
  2 gnoll zombies (D:11)
  A goblin (D:2)
  7 hobgoblins
  5 jackals
  3 quokkas
  3 ball pythons
  5 bats
  3 gnoll skeletons (D:11)
  7 kobolds
  4 orc skeletons (D:11)
  14 orc zombies (D:11)
  3 rats (D:2)
  13 tentacles (Shoals:4)
1302 creatures vanquished.

Vanquished Creatures (collateral kills)
  Jorgrun (D:13)
  A quicksilver dragon (WizLab)
  A titan (Vaults:5)
  A deep elf sorcerer (Elf:3)
  2 emperor scorpions (Spider:4)
  A vault warden (Vaults:2)
  A ghost moth (Spider:4)
  A dire elephant (Lair:3)
  3 deep elf annihilators (Elf:3)
  A deep elf high priest (Elf:3)
  A death knight (D:15)
  A centaur warrior (D:15)
  A two-headed ogre (D:10)
  A deep troll earth mage (D:15)
  A dancing weapon (Elf:3)
  A cyclops (Shoals:4)
  A manticore (Lair:3)
  An elephant (Lair:3)
  A water nymph (Shoals:4)
  A cane toad (Lair:3)
  A freezing wraith (D:15)
  2 merfolk
  2 wind drakes
  A snapping turtle (Shoals:1)
  A wyvern (Lair:3)
  7 yaks
  A gnoll sergeant (D:10)
  An electric eel (Lair:3)
  A gnoll (D:10)
  A jackal (D:10)
41 creatures vanquished.

Vanquished Creatures (others)
  2 formless jellyfish (Shoals:4)
  2 great orbs of eyes (Vaults:1)
  An ogre mage (Orc:2)
  A lindwurm (Vaults:2)
  A harpy (Vaults:1)
  A deep elf pyromancer (Elf:3)
  2 manticores (Shoals:4)
  3 vault sentinels
  A yaktaur (Vaults:1)
  20 slime creatures
  3 water moccasins
  A centaur (D:13)
  A bullfrog (Lair:1)
  102 jellies
  A bombardier beetle (D:4)
  2 orc wizards
  An ogre zombie (D:11)
  An adder (D:6)
  2 dart slugs
  3 orcs (D:8)
  3 giant cockroaches
  A gnoll zombie (D:11)
  A kobold (D:3)
  A frilled lizard (D:3)
  An orc zombie (D:11)
  A rat (D:3)
  7 tentacles (Shoals:4)
166 creatures vanquished.

Grand Total: 1509 creatures vanquished

Notes
Turn   | Place    | Note
-------+----------+-------------------------------------------
     0 | D:1      | Gadrel the Spriggan Earth Elementalist began the quest for
                  | the Orb.
     0 | D:1      | Reached XP level 1. HP: 9/9 MP: 5/5
    68 | D:1      | Found a faded altar of an unknown god.
   106 | D:1      | Prayed at the altar of an unknown god.
   106 | D:1      | Became a worshipper of Jiyva Jash the Shapeless
   106 | D:1      | Reached * piety under Jiyva
   241 | D:1      | Reached skill level 3 in Spellcasting
   241 | D:1      | Reached skill level 1 in Conjurations
   280 | D:1      | Reached skill level 3 in Earth Magic
   280 | D:1      | Reached XP level 2. HP: 13/13 MP: 5/7
   441 | D:1      | Reached ** piety under Jiyva
   884 | D:2      | Reached *** piety under Jiyva
   934 | D:2      | Reached skill level 4 in Spellcasting
   934 | D:2      | Reached XP level 3. HP: 16/16 MP: 7/9
  1222 | D:2      | Gained mutation: You are agile. (Dex +4, Str/Int -1)
                  | [Jiyva's grace]
  1222 | D:2      | Gained mutation: You are very agile. (Dex +8, Str/Int -2)
                  | [Jiyva's grace]
  1222 | D:2      | Gained mutation: You have hidden genetic potential.
                  | [Jiyva's grace]
  1222 | D:2      | Gained mutation: You have great hidden genetic potential.
                  | [Jiyva's grace]
  1397 | D:2      | Learned a level 3 spell: Passwall
  1401 | D:2      | Learned a level 3 spell: Stone Arrow
  1478 | D:3      | Found an iron altar of Okawaru.
  1490 | D:3      | Reached XP level 4. HP: 21/21 MP: 11/11
  1559 | D:3      | Reached skill level 3 in Dodging
  1560 | D:3      | Reached **** piety under Jiyva
  1567 | D:3      | Reached skill level 5 in Spellcasting
  1894 | D:4      | Reached skill level 4 in Dodging
  1915 | D:4      | Gained mutation: You expend magic power (3 MP) to
                  | strengthen your wands. [hidden potential]
  1935 | D:4      | Noticed an ogre
  1953 | D:4      | Killed an ogre
  1954 | D:4      | Reached XP level 5. HP: 24/24 MP: 13/13
  1960 | D:4      | Gained mutation: You possess an exceptional clarity of
                  | mind. [hidden potential]
  1960 | D:4      | Lost mutation: You have great hidden genetic potential.
                  | [hidden potential expressed]
  1964 | D:4      | Reached skill level 5 in Dodging
  2101 | D:4      | Killed a water moccasin
  2138 | D:4      | Reached XP level 6. HP: 25/28 MP: 14/14
  2361 | D:5      | Entered Level 5 of the Dungeon
  2361 | D:5      | Noticed Sigmund
  2367 | D:5      | Killed Sigmund
  2368 | D:5      | Reached skill level 2 in Conjurations
  2368 | D:5      | Reached skill level 4 in Earth Magic
  2383 | D:5      | Noticed Duvessa
  2383 | D:5      | Noticed Dowan
  2390 | D:5      | Gained mutation: You passively map a small area around you.
                  | [hidden potential]
  2406 | D:5      | Killed Duvessa
  2407 | D:5      | Reached skill level 6 in Dodging
  2407 | D:5      | Reached XP level 7. HP: 32/32 MP: 8/15
  2415 | D:5      | Killed Dowan
  2416 | D:5      | Reached skill level 1 in Fighting
  2524 | D:5      | Reached ***** piety under Jiyva
  2607 | D:5      | Gained mutation: You are partially covered in large bone
                  | plates. (SH +4) [hidden potential]
  2607 | D:5      | Lost mutation: You have hidden genetic potential. [hidden
                  | potential expressed]
  2665 | D:5      | Gained mutation: Your mind is acute. (Int +4, Str/Dex -1)
                  | [Jiyva's grace]
  2665 | D:5      | Lost strength.
  2665 | D:5      | Gained mutation: Your mind is very acute. (Int +8, Str/Dex
                  | -2) [Jiyva's grace]
  2665 | D:5      | Gained mutation: You have acidic saliva. [Jiyva's grace]
  2665 | D:5      | Gained mutation: Your melee attacks may engulf your foes in
                  | ooze. [Jiyva's grace]
  2722 | D:5      | Reached skill level 5 in Earth Magic
  2786 | D:5      | Reached skill level 2 in Fighting
  2943 | D:6      | Noticed a yak
  2943 | D:6      | Noticed a shadow
  2956 | D:6      | Killed a shadow
  2957 | D:6      | Reached skill level 3 in Conjurations
  2971 | D:6      | Noticed a yak
  2972 | D:6      | Reached XP level 8. HP: 39/39 MP: 14/17
  3000 | D:6      | Reached skill level 6 in Spellcasting
  3003 | D:6      | Reached skill level 7 in Spellcasting
  3003 | D:6      | Reached skill level 6 in Earth Magic
  3005 | D:6      | Reached skill level 8 in Spellcasting
  3005 | D:6      | Reached skill level 7 in Earth Magic
  3035 | D:6      | Reached XP level 9. HP: 42/42 MP: 9/22
  3164 | D:6      | Found a sparkling altar of Nemelex Xobeh.
  3164 | D:6      | Found a blossoming altar of Fedhas.
  3166 | D:6      | Found a broken altar of Ashenzari.
  3364 | D:6      | Found an ancient bone altar of Kikubaaqudgha.
  3378 | D:6      | Noticed ratmeat3's ghost (novice OpFi)
  3403 | D:6      | Found a runed translucent gate.
  3403 | D:6      | Found a runed translucent gate.
  3405 | D:6      | Found a runed translucent gate.
  3429 | D:6      | Got the Exposition on the Stygian Volcano
  3436 | D:6      | Learned a level 4 spell: Petrify
  3555 | D:6      | Found a hide-covered altar of Uskayaw.
  3873 | D:7      | Reached skill level 1 in Alchemy
  3887 | D:7      | Reached skill level 9 in Spellcasting
  3892 | D:7      | Reached skill level 1 in Short Blades
  3958 | D:7      | Noticed a troll
  3962 | D:7      | Killed a troll
  3963 | D:7      | Reached skill level 2 in Alchemy
  3983 | D:7      | Found an opulent altar of Gozag.
  3987 | D:7      | Reached skill level 2 in Short Blades
  4442 | D:7      | Found a staircase to the Ecumenical Temple.
  4550 | D:8      | Reached skill level 3 in Alchemy
  4560 | D:8      | Reached skill level 4 in Conjurations
  4591 | D:8      | Found Igirasm's Mail-Order Catalogue.
  4624 | D:8      | Reached skill level 8 in Earth Magic
  4659 | D:8      | Reached ****** piety under Jiyva
  4691 | D:8      | Found a hazy altar of Hepliaklqana.
  4780 | D:8      | Found Juirph's Assorted Antiques.
  4788 | D:8      | Bought a scroll labelled KOMAIF ZOTE for 33 gold pieces
  4788 | D:8      | Bought a sedimented coppery potion for 29 gold pieces
  4788 | D:8      | Bought 2 metallic grey potions for 59 gold pieces
  4788 | D:8      | Bought a scroll labelled PUICYS WERID for 33 gold pieces
  4788 | D:8      | Bought a red potion for 29 gold pieces
  4788 | D:8      | Bought a red potion for 29 gold pieces
  4968 | D:8      | Lost mutation: You are partially covered in large bone
                  | plates. (SH +4) [Jiyva's grace]
  4968 | D:8      | Lost mutation: Your mind is very acute. (Int +8, Str/Dex
                  | -2) [Jiyva's grace]
  4968 | D:8      | Lost mutation: You have acidic saliva. [Jiyva's grace]
  4968 | D:8      | Lost mutation: You expend magic power (3 MP) to strengthen
                  | your wands. [Jiyva's grace]
  4968 | D:8      | Gained mutation: You have sharp fingernails. [Jiyva's
                  | grace]
  4968 | D:8      | Gained mutation: You have very sharp fingernails. [Jiyva's
                  | grace]
  4968 | D:8      | Gained mutation: You have claws for hands. [Jiyva's grace]
  4968 | D:8      | Gained mutation: Your mind is very acute. (Int +8, Str/Dex
                  | -2) [Jiyva's grace]
  5104 | D:9      | Reached skill level 10 in Spellcasting
  5195 | D:9      | Reached skill level 4 in Alchemy
  5195 | D:9      | Reached XP level 10. HP: 46/46 MP: 17/25
  5205 | D:9      | Reached skill level 5 in Alchemy
  5220 | D:9      | You are sucked into a shaft and drop 2 floors!
  5227 | D:10     | Entered Level 10 of the Dungeon
  5227 | D:10     | Found Pinoomoh's Vocational Training.
  5259 | D:9      | Reached skill level 5 in Conjurations
  5303 | D:9      | Noticed Pikel
  5308 | D:9      | Reached skill level 3 in Fighting
  5332 | D:9      | Killed Pikel
  5365 | D:9      | Found Taoppyicoll's Demolitions Depot.
  5683 | D:9      | Reached skill level 11 in Spellcasting
  6200 | D:10     | Reached skill level 12 in Spellcasting
  6368 | D:10     | Noticed a two-headed ogre
  6374 | D:10     | Killed a two-headed ogre
  6375 | D:10     | Reached skill level 4 in Fighting
  6415 | D:10     | Learned a level 4 spell: Olgreb's Toxic Radiance
  6420 | D:10     | Learned a level 4 spell: Ignite Poison
  6440 | D:10     | Noticed a two-headed ogre
  6452 | D:10     | Killed a two-headed ogre
  6453 | D:10     | Reached skill level 5 in Fighting
  6453 | D:10     | Reached skill level 1 in Fire Magic
  6453 | D:10     | Reached XP level 11. HP: 55/55 MP: 20/28
  6609 | D:10     | Found a snail-covered altar of Cheibriados.
  6793 | D:11     | Reached skill level 2 in Fire Magic
  6797 | D:11     | Reached skill level 6 in Alchemy
  6818 | D:11     | Lost mutation: You have claws for hands. [Jiyva's grace]
  6818 | D:11     | Lost mutation: You are very agile. (Dex +8, Str/Int -2)
                  | [Jiyva's grace]
  6818 | D:11     | Lost mutation: Your mind is very acute. (Int +8, Str/Dex
                  | -2) [Jiyva's grace]
  6818 | D:11     | Gained mutation: Your mind is very acute. (Int +8, Str/Dex
                  | -2) [Jiyva's grace]
  6818 | D:11     | Gained mutation: Your translucent skin slightly reduces
                  | your foes' accuracy. (Stealth+) [Jiyva's grace]
  6818 | D:11     | Gained mutation: Your translucent skin reduces your foes'
                  | accuracy. (Stealth+) [Jiyva's grace]
  6818 | D:11     | Gained mutation: Your transparent skin significantly
                  | reduces your foes' accuracy. (Stealth+) [Jiyva's grace]
  6896 | D:11     | Found a staircase to the Orcish Mines.
  6896 | D:11     | Noticed a two-headed ogre
  6904 | D:11     | Killed a two-headed ogre
  6905 | D:11     | Reached skill level 3 in Fire Magic
  6926 | D:11     | Reached skill level 7 in Alchemy
  7108 | D:11     | Found a staircase to the Lair.
  7222 | D:11     | Noticed Maurice
  7226 | D:11     | Killed Maurice
  7227 | D:11     | Reached skill level 8 in Alchemy
  7325 | D:11     | Learned a level 5 spell: Lee's Rapid Deconstruction
  7391 | D:11     | Noticed a two-headed ogre
  7413 | D:11     | Killed a two-headed ogre
  7414 | D:11     | Reached skill level 4 in Fire Magic
  7481 | Lair:1   | Entered Level 1 of the Lair of Beasts
  7557 | Lair:1   | Reached skill level 9 in Alchemy
  7563 | Lair:1   | Reached skill level 5 in Fire Magic
  7617 | Lair:1   | Reached XP level 12. HP: 60/60 MP: 20/29
  7625 | Lair:1   | Reached skill level 9 in Earth Magic
  7725 | Lair:1   | Reached skill level 10 in Alchemy
  8225 | Lair:2   | Noticed a six-headed hydra
  8254 | Lair:2   | Killed a six-headed hydra
  8255 | Lair:2   | Reached skill level 10 in Earth Magic
  8255 | Lair:2   | Reached skill level 2 in Evocations
  8260 | Lair:2   | Found a staircase to the Shoals.
  8266 | Lair:2   | Reached skill level 4 in Evocations
  8298 | Lair:2   | Reached skill level 5 in Evocations
  8336 | Lair:2   | Lost mutation: You possess an exceptional clarity of mind.
                  | [Jiyva's grace]
  8336 | Lair:2   | Lost mutation: You passively map a small area around you.
                  | [Jiyva's grace]
  8336 | Lair:2   | Lost mutation: Your transparent skin significantly reduces
                  | your foes' accuracy. (Stealth+) [Jiyva's grace]
  8336 | Lair:2   | Lost mutation: Your melee attacks may engulf your foes in
                  | ooze. [Jiyva's grace]
  8336 | Lair:2   | Gained mutation: Your rubbery body absorbs attacks. (AC +1,
                  | EV +1) [Jiyva's grace]
  8336 | Lair:2   | Gained mutation: Your pliable body absorbs attacks. (AC +2,
                  | EV +2) [Jiyva's grace]
  8336 | Lair:2   | Gained mutation: Your gelatinous body deflects attacks. (AC
                  | +3, EV +3) [Jiyva's grace]
  8336 | Lair:2   | Gained mutation: Your muscles are strong. (Str +4, Int/Dex
                  | -1) [Jiyva's grace]
  8529 | Lair:2   | Found a runed translucent door.
  8656 | Lair:2   | Noticed Nienaovo's ghost (journeyman GrFi)
  8706 | Lair:2   | Found a hole to the Spider Nest.
  9136 | Lair:3   | Reached skill level 7 in Dodging
  9264 | Lair:3   | Reached skill level 6 in Fighting
  9264 | Lair:3   | Reached skill level 8 in Dodging
  9284 | Lair:3   | Found a runed translucent door.
  9285 | Lair:3   | Found a shimmering altar of Xom.
  9285 | Lair:3   | Noticed dogverified's ghost (journeyman TrFi)
  9446 | Lair:3   | Lost mutation: Your mind is very acute. (Int +8, Str/Dex
                  | -2) [Jiyva's grace]
  9446 | Lair:3   | Lost mutation: Your gelatinous body deflects attacks. (AC
                  | +3, EV +3) [Jiyva's grace]
  9446 | Lair:3   | Gained mutation: You possess an exceptional clarity of
                  | mind. [Jiyva's grace]
  9446 | Lair:3   | Gained mutation: Your gelatinous body deflects attacks. (AC
                  | +3, EV +3) [Jiyva's grace]
  9446 | Lair:3   | Gained mutation: You have large cloven feet. [Jiyva's
                  | grace]
  9446 | Lair:3   | Gained mutation: You have hoof-like feet. [Jiyva's grace]
  9453 | Lair:3   | Noticed an eight-headed hydra
  9457 | Lair:3   | Killed an eight-headed hydra
  9458 | Lair:3   | Reached skill level 9 in Dodging
  9491 | Lair:3   | Noticed an alligator
  9502 | Lair:3   | Killed an alligator
  9503 | Lair:3   | Reached skill level 10 in Dodging
  9503 | Lair:3   | Noticed a six-headed hydra
  9526 | Lair:3   | Killed a six-headed hydra
  9540 | Lair:3   | Reached XP level 13. HP: 65/65 MP: 9/30
  9570 | Lair:3   | Noticed a dire elephant
  9575 | Lair:3   | Reached skill level 11 in Dodging
  9588 | Lair:3   | Killed a dire elephant
  9589 | Lair:3   | Reached skill level 12 in Dodging
 10146 | Lair:4   | Found a staircase to the Slime Pits.
 10297 | Lair:4   | Reached skill level 13 in Dodging
 11188 | Slime:1  | Entered Level 1 of the Pits of Slime
 11192 | Slime:2  | Noticed an acid blob
 11192 | Slime:2  | Noticed a formless jellyfish
 11192 | Slime:2  | Noticed a formless jellyfish
 11192 | Slime:2  | Noticed a formless jellyfish
 11212 | Slime:4  | Noticed an acid blob
 11215 | Slime:5  | Entered Level 5 of the Pits of Slime
 11217 | Slime:5  | Found a viscous altar of Jiyva.
 11232 | Slime:5  | Identified the +6 broad axe of Arrival {freeze, rN+ rCorr}
 11242 | Slime:5  | Got a slimy rune of Zot
 11244 | Slime:5  | Noticed an acid blob
 11245 | Slime:5  | Got a starry gem with 558 turns to spare
 11245 | Slime:5  | Noticed a rockslime
 11246 | Slime:5  | Identified the +7 mace "Abyc" {elec, +Blink rF+ rC+}
 11256 | Slime:5  | Noticed a quicksilver ooze
 11260 | Slime:5  | Identified the staff of Fragile Peace {rElec rF+ Dex+3 Air}
 11263 | Slime:5  | Noticed an azure jelly
 11267 | Slime:5  | Noticed a quicksilver ooze
 11267 | Slime:5  | Noticed a rockslime
 11267 | Slime:5  | Found the +3 hat of Pondering {ponderous, Will+ MP+10
                  | Int+5}
 11272 | Slime:5  | Noticed a rockslime
 11278 | Slime:5  | Got the Essays on Percussion
 11281 | Slime:5  | Noticed an azure jelly
 11284 | Slime:5  | Noticed an azure jelly
 11291 | Slime:5  | Got Wid Mass's Directory of Quantum Nephomancy
 11302 | Slime:5  | Noticed a formless jellyfish
 11377 | Lair:5   | Entered Level 5 of the Lair of Beasts
 11386 | Lair:5   | Noticed Josephine
 11390 | Lair:5   | Killed Josephine
 11391 | Lair:5   | Reached skill level 14 in Dodging
 11548 | Lair:5   | Reached skill level 7 in Fighting
 11561 | Lair:5   | Lost mutation: You have very sharp fingernails. [Jiyva's
                  | grace]
 11561 | Lair:5   | Lost mutation: You have hoof-like feet. [Jiyva's grace]
 11561 | Lair:5   | Lost mutation: You possess an exceptional clarity of mind.
                  | [Jiyva's grace]
 11561 | Lair:5   | Lost mutation: Your mind is acute. (Int +4, Str/Dex -1)
                  | [Jiyva's grace]
 11561 | Lair:5   | Lost mutation: Your gelatinous body deflects attacks. (AC
                  | +3, EV +3) [Jiyva's grace]
 11561 | Lair:5   | Lost mutation: Your translucent skin reduces your foes'
                  | accuracy. (Stealth+) [Jiyva's grace]
 11561 | Lair:5   | Gained mutation: You have very sharp fingernails. [Jiyva's
                  | grace]
 11561 | Lair:5   | Gained mutation: You have claws for hands. [Jiyva's grace]
 11561 | Lair:5   | Gained mutation: You have hoof-like feet. [Jiyva's grace]
 11561 | Lair:5   | Gained mutation: You have hooves in place of feet. [Jiyva's
                  | grace]
 11730 | Lair:5   | Reached skill level 11 in Earth Magic
 11782 | Lair:5   | Reached skill level 8 in Fighting
 11782 | Lair:5   | Reached XP level 14. HP: 73/73 MP: 14/31
 11856 | Lair:5   | Reached skill level 12 in Earth Magic
 11870 | Lair:5   | Got an earthy gem with 958 turns to spare
 11873 | Lair:5   | Identified the +3 sling of the Hall of Blades {elec, rElec
                  | rPois Will- MP+9}
 12367 | Lair:3   | Killed dogverified's ghost
 12458 | Lair:2   | Killed Nienaovo's ghost
 12701 | D:12     | Reached skill level 13 in Spellcasting
 13033 | D:12     | Noticed Erolcha
 13037 | D:12     | Killed Erolcha
 13201 | D:12     | Upgraded the game from 0.32-a0-900-g30fb1b0edc to
                  | 0.32-a0-913-g739538afd8
 13233 | D:13     | Noticed Jorgrun
 13248 | D:13     | Killed Jorgrun
 13461 | D:13     | Noticed Rupert
 13471 | D:13     | Killed Rupert
 13472 | D:13     | Reached skill level 14 in Spellcasting
 13553 | D:13     | Lost mutation: You have claws for hands. [Jiyva's grace]
 13553 | D:13     | Lost mutation: You have very sharp fingernails. [Jiyva's
                  | grace]
 13553 | D:13     | Lost mutation: You are agile. (Dex +4, Str/Int -1) [Jiyva's
                  | grace]
 13553 | D:13     | Lost mutation: Your translucent skin slightly reduces your
                  | foes' accuracy. (Stealth+) [Jiyva's grace]
 13553 | D:13     | Gained mutation: Your mind is acute. (Int +4, Str/Dex -1)
                  | [Jiyva's grace]
 13553 | D:13     | Gained mutation: Your mind is very acute. (Int +8, Str/Dex
                  | -2) [Jiyva's grace]
 13553 | D:13     | Gained mutation: You have a pair of small antennae on your
                  | head. [Jiyva's grace]
 13553 | D:13     | Gained mutation: You have a pair of antennae on your head.
                  | [Jiyva's grace]
 13598 | D:13     | Reached skill level 11 in Alchemy
 13922 | D:14     | Reached skill level 12 in Alchemy
 14079 | D:14     | Noticed an ironbound preserver
 14084 | D:14     | Killed an ironbound preserver
 14091 | D:14     | Found a gate to the Vaults.
 14290 | D:14     | Reached skill level 6 in Evocations
 14536 | D:15     | Entered Level 15 of the Dungeon
 14595 | D:15     | Reached XP level 15. HP: 59/77 MP: 34/34
 14613 | D:15     | Reached skill level 7 in Evocations
 14622 | D:15     | Found a staircase to the Depths.
 14640 | D:15     | Got a smoky gem with 2285 turns to spare
 14684 | D:15     | Learned a level 1 spell: Apportation
 14735 | D:15     | Reached skill level 1 in Translocations
 14736 | D:15     | Reached skill level 15 in Dodging
 14829 | D:15     | Reached skill level 8 in Evocations
 14863 | D:15     | Reached skill level 15 in Spellcasting
 14966 | D:15     | Lost mutation: You have sharp fingernails. [Jiyva's grace]
 14966 | D:15     | Lost mutation: You have hooves in place of feet. [Jiyva's
                  | grace]
 14966 | D:15     | Gained mutation: Your system is resistant to poisons.
                  | (rPois) [Jiyva's grace]
 14966 | D:15     | Gained mutation: A frigid envelope surrounds you and
                  | freezes all who hurt you. [Jiyva's grace]
 14966 | D:15     | Gained mutation: Your melee attacks may engulf your foes in
                  | ooze. [Jiyva's grace]
 14966 | D:15     | Gained mutation: Your movements are slightly less
                  | encumbered by armour. (ER -2) [Jiyva's grace]
 15288 | Orc:1    | Entered Level 1 of the Orcish Mines
 15928 | Orc:2    | Entered Level 2 of the Orcish Mines
 15928 | Orc:2    | Found a staircase to the Elven Halls.
 15934 | Orc:2    | Reached skill level 9 in Evocations
 16000 | Orc:2    | Noticed Nessos
 16003 | Orc:2    | Killed Nessos
 16114 | Orc:2    | Found a runed translucent gate.
 16115 | Orc:2    | Found a runed translucent gate.
 16116 | Orc:2    | Found a runed translucent gate.
 16117 | Orc:2    | Found an opulent altar of Gozag.
 16118 | Orc:2    | Found Sietym's Assorted Antiques.
 16118 | Orc:2    | Noticed jamsaran's ghost (journeyman TeSu)
 16155 | Orc:2    | Found Apyudojo's General Store.
 16165 | Orc:2    | Found Toligyho's Book Boutique.
 16166 | Orc:2    | Found Huxemuo's Armour Shoppe.
 16166 | Orc:2    | Found Deazaom's Book Shop.
 16170 | Orc:2    | Reached skill level 16 in Dodging
 16171 | Orc:2    | Reached skill level 10 in Evocations
 16184 | Orc:2    | Bought Sif Muna's Elucidation of Protean Allies for 700
                  | gold pieces
 16191 | Orc:2    | Learned a level 6 spell: Eringya's Noxious Bog
 16532 | Orc:2    | Killed jamsaran's ghost
 16552 | Orc:2    | Bought 2 scrolls labelled NUMOOL CETEAM for 66 gold pieces
 16591 | Orc:2    | Bought a book of Blood for 392 gold pieces
 16591 | Orc:2    | Bought a book of Misfortune for 476 gold pieces
 16594 | Orc:2    | Learned a level 2 spell: Sublimation of Blood
 16600 | Orc:2    | Learned a level 5 spell: Yara's Violent Unravelling
 16726 | Spider:1 | Entered Level 1 of the Spider Nest
 16746 | Spider:1 | Reached skill level 16 in Spellcasting
 16816 | Spider:1 | Reached skill level 9 in Fighting
 16820 | Spider:1 | Reached XP level 16. HP: 56/84 MP: 26/37
 17068 | Spider:2 | Noticed Donald
 17110 | Spider:2 | Identified the orb "Gigrutt" {guile, rElec Slay+3}
 17117 | Spider:2 | Reached skill level 1 in Necromancy
 17132 | Spider:2 | Reached skill level 13 in Alchemy
 17151 | Spider:2 | Reached skill level 2 in Necromancy
 17214 | Spider:2 | Killed Donald
 17228 | Spider:2 | Identified the +0 pair of boots "Wobalemp" {rC- MP+9 Dex+3}
 17254 | Spider:2 | Noticed Roxanne
 17259 | Spider:2 | Killed Roxanne
 17263 | Spider:2 | Lost mutation: You have hoof-like feet. [Jiyva's grace]
 17263 | Spider:2 | Lost mutation: Your mind is very acute. (Int +8, Str/Dex
                  | -2) [Jiyva's grace]
 17263 | Spider:2 | Lost mutation: Your mind is acute. (Int +4, Str/Dex -1)
                  | [Jiyva's grace]
 17263 | Spider:2 | Lost mutation: Your muscles are strong. (Str +4, Int/Dex
                  | -1) [Jiyva's grace]
 17263 | Spider:2 | Gained mutation: Your muscles are strong. (Str +4, Int/Dex
                  | -1) [Jiyva's grace]
 17263 | Spider:2 | Gained mutation: Your muscles are very strong. (Str +8,
                  | Int/Dex -2) [Jiyva's grace]
 17263 | Spider:2 | Gained mutation: Your spells are a little harder to cast,
                  | but a little more powerful. [Jiyva's grace]
 17263 | Spider:2 | Gained mutation: Your spells are harder to cast, but more
                  | powerful. [Jiyva's grace]
 17414 | Spider:2 | Reached skill level 3 in Necromancy
 17444 | Spider:2 | Identified a scroll of acquirement
 17445 | Spider:2 | Acquired The Sigils and Symbols, Volume Six
 17454 | Spider:2 | Learned a level 6 spell: Permafrost Eruption
 17506 | Spider:3 | Reached skill level 1 in Hexes
 17519 | Spider:3 | Reached skill level 10 in Fighting
 17559 | Spider:3 | Reached skill level 1 in Ice Magic
 17561 | Spider:3 | Reached skill level 2 in Hexes
 17730 | Spider:3 | Reached skill level 3 in Hexes
 17759 | Spider:3 | Reached skill level 2 in Ice Magic
 17937 | Spider:3 | Reached skill level 4 in Necromancy
 18110 | Spider:4 | Entered Level 4 of the Spider Nest
 18164 | Spider:4 | Reached skill level 4 in Hexes
 18431 | Spider:4 | Reached skill level 3 in Ice Magic
 18457 | Spider:4 | Reached skill level 5 in Hexes
 18457 | Spider:4 | Reached XP level 17. HP: 89/89 MP: 32/38
 18472 | Spider:4 | Reached skill level 14 in Alchemy
 18560 | Spider:4 | Reached skill level 5 in Necromancy
 18738 | Spider:4 | Got a gossamer rune of Zot
 18871 | Spider:4 | Got a milky-white gem with 769 turns to spare
 19389 | Lair:2   | Upgraded the game from 0.32-a0-913-g739538afd8 to
                  | 0.32-a0-918-g0f22ef8d61
 19421 | Shoals:1 | Entered Level 1 of the Shoals
 19430 | Shoals:1 | Lost mutation: You have large cloven feet. [Jiyva's grace]
 19430 | Shoals:1 | Gained mutation: You are partially covered in iridescent
                  | scales. (AC +2) [Jiyva's grace]
 19430 | Shoals:1 | Gained mutation: You are mostly covered in iridescent
                  | scales. (AC +4) [Jiyva's grace]
 19430 | Shoals:1 | Gained mutation: You are completely covered in iridescent
                  | scales. (AC +6) [Jiyva's grace]
 19430 | Shoals:1 | Gained mutation: You have a small jelly attached to you
                  | that senses nearby items. [Jiyva's grace]
 19661 | Shoals:1 | Reached skill level 6 in Hexes
 19709 | Shoals:1 | Reached skill level 4 in Ice Magic
 19969 | Shoals:2 | Lost mutation: You have a pair of antennae on your head.
                  | [Jiyva's grace]
 19969 | Shoals:2 | Lost mutation: You are completely covered in iridescent
                  | scales. (AC +6) [Jiyva's grace]
 19969 | Shoals:2 | Lost mutation: You are mostly covered in iridescent scales.
                  | (AC +4) [Jiyva's grace]
 19969 | Shoals:2 | Lost mutation: A frigid envelope surrounds you and freezes
                  | all who hurt you. [Jiyva's grace]
 19969 | Shoals:2 | Lost mutation: Your system is resistant to poisons. (rPois)
                  | [Jiyva's grace]
 19969 | Shoals:2 | Lost mutation: Your spells are harder to cast, but more
                  | powerful. [Jiyva's grace]
 19969 | Shoals:2 | Gained mutation: You have acidic saliva. [Jiyva's grace]
 19969 | Shoals:2 | Gained mutation: Your translucent skin slightly reduces
                  | your foes' accuracy. (Stealth+) [Jiyva's grace]
 19969 | Shoals:2 | Gained mutation: Your translucent skin reduces your foes'
                  | accuracy. (Stealth+) [Jiyva's grace]
 19969 | Shoals:2 | Gained mutation: Your transparent skin significantly
                  | reduces your foes' accuracy. (Stealth+) [Jiyva's grace]
 20136 | Shoals:3 | Reached skill level 13 in Earth Magic
 20235 | Shoals:3 | Reached skill level 6 in Necromancy
 20267 | Shoals:3 | Reached skill level 7 in Hexes
 20341 | Shoals:3 | Identified the +3 flail of the Endless Expanse {freeze, rC+
                  | Int+3}
 20366 | Shoals:3 | Identified the +4 rapier of the Bouncing Xenops {protect,
                  | rF+ Str+4}
 20515 | Shoals:4 | Entered Level 4 of the Shoals
 20528 | Shoals:4 | Reached skill level 5 in Ice Magic
 20617 | Shoals:4 | Reached skill level 8 in Hexes
 20620 | Shoals:4 | Reached skill level 15 in Alchemy
 20679 | Shoals:4 | HP: 18/89 [water nymph/the raging water (43)]
 20680 | Shoals:4 | HP: 5/89 [merfolk aquamancer/shard of ice (15)]
 20713 | Shoals:4 | Got an azure gem with 796 turns to spare
 20715 | Shoals:4 | Got a barnacled rune of Zot
 20720 | Shoals:4 | Identified the +9 flail of the Middle {heavy, ^Contam Will+
                  | Int+7}
 20769 | Shoals:4 | Identified the +7 orcbow "Bizodouv" {heavy, rN+ rCorr Dex+4
                  | Stlth-}
 20813 | Shoals:4 | Reached XP level 18. HP: 89/93 MP: 25/39
 20828 | Shoals:4 | Identified the orb of Efolahuwk {mayhem, Stlth+ Conj}
 20948 | Shoals:4 | Reached skill level 9 in Hexes
 21089 | Shoals:4 | Identified the +3 long sword of Piwkaluc {vamp, ^Fragile
                  | rPois rN++}
 21135 | Shoals:4 | Reached skill level 7 in Necromancy
 21202 | Shoals:4 | Lost mutation: You have acidic saliva. [Jiyva's grace]
 21202 | Shoals:4 | Lost mutation: Your melee attacks may engulf your foes in
                  | ooze. [Jiyva's grace]
 21202 | Shoals:4 | Gained mutation: Your melee attacks may engulf your foes in
                  | ooze. [Jiyva's grace]
 21202 | Shoals:4 | Gained mutation: Your flesh is cold resistant. (rC+)
                  | [Jiyva's grace]
 21202 | Shoals:4 | Gained mutation: Your flesh is very cold resistant. (rC++)
                  | [Jiyva's grace]
 21202 | Shoals:4 | Gained mutation: Your flesh is almost immune to the effects
                  | of cold. (rC+++) [Jiyva's grace]
 23115 | D:6      | Killed ratmeat3's ghost
 23143 | D:6      | Got the ring "Tys Pa Awke" {Fire Will+ rCorr Dex+3}
 23290 | Elf:1    | Entered Level 1 of the Elven Halls
 23301 | Elf:1    | Reached skill level 14 in Earth Magic
 23313 | Elf:1    | Reached skill level 10 in Hexes
 23420 | Elf:1    | Found Atsootih's Magic Scroll Emporium.
 23536 | Elf:1    | Found Heurunk's Distillery.
 23541 | Elf:1    | Bought a potion of heal wounds for 85 gold pieces
 23699 | Elf:1    | Reached skill level 16 in Alchemy
 23822 | Elf:1    | Found Ewyubb's Book Boutique.
 23832 | Elf:1    | Reached skill level 8 in Necromancy
 23835 | Elf:1    | Reached skill level 6 in Ice Magic
 24197 | Elf:2    | Reached skill level 7 in Ice Magic
 24220 | Elf:2    | Reached skill level 8 in Ice Magic
 24303 | Elf:2    | Found a glacial archway.
 24317 | IceCv    | Entered an ice cave
 24397 | IceCv    | Reached XP level 19. HP: 74/98 MP: 40/40
 24422 | IceCv    | Identified the ring of Xioteic {Ice Dex+2}
 24478 | Elf:2    | Reached skill level 17 in Spellcasting
 24481 | Elf:3    | Entered Level 3 of the Elven Halls
 24506 | Elf:3    | Found a magical portal.
 24516 | WizLab   | Entered Yara's Duelist Academy
 24759 | WizLab   | Noticed Anauklol
 24772 | WizLab   | Killed Anauklol the Head Instructor
 24789 | WizLab   | Reached skill level 9 in Necromancy
 24822 | WizLab   | Got Yara's Papyrus of the Fair Folk
 25002 | Elf:3    | Noticed a Brimstone Fiend
 25015 | Elf:3    | HP: 13/98 [deep elf elementalist/blast of rock fragments
                  | (19)]
 25019 | Elf:3    | HP: 4/98 [deep elf elementalist/blast of rock fragments
                  | (39)]
 25035 | Elf:3    | Reached skill level 18 in Spellcasting
 25059 | Elf:3    | Reached skill level 10 in Necromancy
 25087 | Elf:3    | Identified the +3 hand axe of Putrescence {pain, rF+ rN+}
 25087 | Elf:3    | Identified the ring of Zinkue Ethal {rC+ Str-2 Dex+5}
 25183 | Elf:3    | Reached skill level 17 in Dodging
 25204 | Elf:3    | Got Fih Duim's Papyrus of Attendants
 25207 | Elf:3    | Identified the +0 scale mail of Theory {Int+8}
 25209 | Elf:3    | Identified the staff "Ipsisoy" {Str+6 Dex+4 Earth}
 25280 | Elf:3    | Got Guruch's Notes on Open Graves and Company
 25304 | Elf:3    | Identified the +7 short sword of Wondrous Power {vamp,
                  | Dex+3}
 25327 | Elf:3    | Reached skill level 11 in Fighting
 25352 | Elf:3    | Identified the +8 demon trident of Xom, Usurping {venom,
                  | rN+ Will+ Int-4 SInv}
 25369 | Elf:3    | Lost mutation: Your flesh is almost immune to the effects
                  | of cold. (rC+++) [Jiyva's grace]
 25369 | Elf:3    | Lost mutation: Your muscles are very strong. (Str +8,
                  | Int/Dex -2) [Jiyva's grace]
 25369 | Elf:3    | Lost mutation: Your transparent skin significantly reduces
                  | your foes' accuracy. (Stealth+) [Jiyva's grace]
 25369 | Elf:3    | Lost mutation: Your translucent skin reduces your foes'
                  | accuracy. (Stealth+) [Jiyva's grace]
 25369 | Elf:3    | Lost mutation: You have a small jelly attached to you that
                  | senses nearby items. [Jiyva's grace]
 25369 | Elf:3    | Lost mutation: Your melee attacks may engulf your foes in
                  | ooze. [Jiyva's grace]
 25369 | Elf:3    | Gained mutation: You are strong-willed. (Will+) [Jiyva's
                  | grace]
 25369 | Elf:3    | Gained mutation: You are highly strong-willed. (Will++)
                  | [Jiyva's grace]
 25369 | Elf:3    | Gained mutation: You are extremely strong-willed. (Will+++)
                  | [Jiyva's grace]
 25369 | Elf:3    | Gained mutation: You are robust. (+10% HP) [Jiyva's grace]
 25382 | Elf:3    | Got a shimmering gem with 588 turns to spare
 25385 | Elf:3    | Got Ofeefeas's Essays on the Chill and Astrapomancy
 25591 | Elf:3    | Identified the +0 plate armour "Terikiq" {rC+}
 25734 | Elf:3    | Reached skill level 18 in Dodging
 26231 | Elf:2    | Found a runed translucent gate.
 26234 | Elf:2    | Found a runed translucent gate.
 26235 | Elf:2    | Found a runed translucent gate.
 26596 | Vaults:1 | Entered Level 1 of the Vaults
 26622 | Vaults:1 | Reached XP level 20. HP: 112/115 MP: 43/43
 27049 | Vaults:1 | Reached skill level 19 in Dodging
 27067 | Vaults:1 | Reached skill level 12 in Fighting
 27355 | Vaults:2 | Lost mutation: You have a pair of small antennae on your
                  | head. [Jiyva's grace]
 27355 | Vaults:2 | Lost mutation: Your flesh is very cold resistant. (rC++)
                  | [Jiyva's grace]
 27355 | Vaults:2 | Lost mutation: You are extremely strong-willed. (Will+++)
                  | [Jiyva's grace]
 27355 | Vaults:2 | Lost mutation: Your muscles are strong. (Str +4, Int/Dex
                  | -1) [Jiyva's grace]
 27355 | Vaults:2 | Gained mutation: You are agile. (Dex +4, Str/Int -1)
                  | [Jiyva's grace]
 27355 | Vaults:2 | Gained mutation: You are very agile. (Dex +8, Str/Int -2)
                  | [Jiyva's grace]
 27355 | Vaults:2 | Gained mutation: Your melee attacks may engulf your foes in
                  | ooze. [Jiyva's grace]
 27355 | Vaults:2 | Gained mutation: You have a small jelly attached to you
                  | that senses nearby items. [Jiyva's grace]
 27437 | Vaults:3 | Reached skill level 20 in Dodging
 27704 | Vaults:4 | Reached skill level 21 in Dodging
 27801 | Vaults:5 | Entered Level 5 of the Vaults
 27805 | Vaults:5 | Reached skill level 22 in Dodging
 27823 | Vaults:5 | Noticed a dread lich
 27825 | Vaults:5 | HP: 20/117 [tengu reaver/+0 war axe (26)]
 27883 | Vaults:5 | Noticed a dread lich
 27890 | Vaults:5 | Reached XP level 21. HP: 81/122 MP: 33/44
 27896 | Vaults:5 | Killed a dread lich
 27988 | Vaults:5 | Killed a dread lich
 28029 | Vaults:5 | Reached skill level 9 in Ice Magic
 28163 | Vaults:5 | Noticed an ancient lich
 28178 | Vaults:5 | Killed from afar by an ancient lich

Illustrated notes

Levels and vault maps discovered:
D:1:      sevenhm_arrival_forest_fort_small_4, layout_basic,
          chequers_ecumenical_altar_island
D:2:      layout_basic
D:3:      layout_rooms, mainiacjoe_overflow_brackets
D:4:      layout_rooms
D:5:      layout_cave_pools, uniq_duvessa, uniq_sigmund
D:6:      layout_basic, kiku_gazebo_pond_becter,
          mainiacjoe_overflow_tiny_flanked, gammafunk_temple_overflow_claw,
          gammafunk_ghost_icy
D:7:      layout_loops_ring, nicolae_gozag_seed_capital, temple_hall
D:8:      layout_rooms, nicolae_hepliaklqana_hazy_memory, serial_shops,
          nicolae_shop_stone, monkooky_shop_mail_order
D:9:      layout_basic, chequers_serial_rivers_room_b, nicolae_blasting_shop,
          uniq_pikel
D:10:     layout_cave_pools, slow_altar_2, serial_gnoll_camp,
          gnoll_camp_medium_01, gnoll_camp_mini_loothouse,
          gnoll_camp_huts_basic, gnoll_camp_mini_house, gnoll_camp_mini_hut,
          nicolae_shop_vocational
D:11:     layout_roguey, dpeg_oklobed_lair, zombieorc2_lemuel, uniq_maurice
D:12:     layout_small_grid, chequers_serial_rivers_micro_e, uniq_erolcha
D:13:     layout_irregular_city, uniq_jorgrun, uniq_rupert
D:14:     layout_loops_ring, hellmonk_vaults_order_and_chaos,
          serial_bayou_pond_d
D:15:     hellmonk_depths_entry_around_the_bend, layout_irregular_city,
          chequers_serial_rivers_micro_d
Lair:1:   layout_chaotic_city, dreamdust_gnoll_shepherd
Lair:2:   layout_regular_city, minmay_shoals_entry_beasts,
          hellmonk_spider_entry_life_and_decay, hellmonk_ghost_happy_afterlife,
          minmay_stone_trees_small
Lair:3:   layout_regular_city, ebering_ghost_xom, grunt_forest_stairs_basic,
          minivault_11, nicolae_lair_lakeside_cave
Lair:4:   layout_cave_pods, minmay_slime_entry_jelly_boxes
Lair:5:   evilmike_catoblepas_cave, layout_misc_corridors, uniq_josephine
Shoals:1: layout_shoals
Shoals:2: layout_shoals
Shoals:3: layout_shoals
Shoals:4: shoals_end_simple, layout_shoals,
          beargit_guarded_unrand_captain_cutlass,
          nicolae_shoals_former_cling_halls
Spider:1: layout_spider_delve
Spider:2: layout_spider_delve, uniq_roxanne, uniq_donald
Spider:3: layout_cave_pods, nicolae_spider_not_touching_you
Spider:4: spider_rune_water
Slime:1:  layout_caves, basic_altar, nicolae_slime_barrier,
          nicolae_slime_ancient_tower_intersection
Slime:2:  layout_caves
Slime:3:  layout_caves
Slime:4:  layout_caves
Slime:5:  slime_pit_nicolae_jellycorners
Orc:1:    minmay_goldmine, layout_caves
Orc:2:    st_orc_ogre_mass, layout_caves, ebering_ghost_gozag, mines3_lemuel,
          uniq_nessos
Elf:1:    nicolae_elf_arrival_no_cutting_in_line, layout_geoelf_diagonals,
          serial_corexii_hall, corexii_hall_statues_deadend,
          chequers_hall_statues_wall_a, serial_shops, nicolae_shop_rolled_up,
          shop, nicolae_shop_tiny_statue_garden, kilobyte_rumbling_trees
Elf:2:    nicolae_elf_blades_splatter_lattice [nicolae_blade_lattice],
          layout_rooms, portal_ice_cave_entry_ice_statue_one,
          minmay_misc_feat_diagonals
Elf:3:    nooodl_elf_gasket, layout_gridlike, mu_enter_wizlab_6
Vaults:1: nicolae_vaults_trapezoid_2, vaults_room_semicircle,
          hangedman_vaults_stretched_pinwheel, vaults_room_pools,
          nicolae_vaults_diamond_1, nicolae_vaults_double_plus_2,
          vaults_dpeg_cross, layout_vaults_omnigrid
Vaults:2: nicolae_vaults_spaceships, nicolae_vaults_trapezoid_4,
          nicolae_vaults_door_testing_chamber, nicolae_vaults_storage_closets_3,
          hangedman_vaults_river_flow, nicolae_vaults_shipping_containers_2,
          v_misc_15, nicolae_vaults_network_quinsquares
          [nicolae_vaults_network_quincunx_subvault,
          nicolae_vaults_network_quincunx_subvault,
          nicolae_vaults_network_quincunx_subvault,
          nicolae_vaults_network_quincunx_subvault],
          nicolae_vaults_shrinking_rooms_1, minmay_crypt_entry_simple_round,
          nicolae_vaults_tetromino_T_1, vaults_dpeg_ring, layout_vaults_omnibox,
          serial_shops, nicolae_shop_dealshenge, uniq_zenata
Vaults:3: nicolae_vaults_closet_pinwheel_4, nicolae_vaults_closet_pinwheel_1,
          ontoclasm_vaults_pinch, v_alt_pattern_6, grunt_vaults_focal,
          nicolae_vaults_sesquioval_fish, v_misc_9,
          nicolae_vaults_taking_the_gang_shopping, vaults_room_pools,
          layout_vaults_chaotic_city
Vaults:4: nicolae_vaults_twisting_passages, nicolae_vaults_big_angled_halls,
          vaults_room_grid, v_rooms_4, lemuel_ogre_cave, v_misc_26, v_misc_26,
          v_alt_pattern_6, vaults_standard_mumra_x, ontoclasm_vaults_gateway,
          vaults_room_pools, vaults_room_door_ring, layout_vaults_maze,
          serial_shops, nicolae_shop_trees, uniq_boris
Vaults:5

Skill      XL: |  1  2  3  4  5  6  7  8  9 10 11 12 13 14 15 16 17 18 19 20 21 |
---------------+----------------------------------------------------------------+-----
Spellcasting   | 3 4 5 8 10 12 14 16 18 | 18.9
Conjurations   | 1 2 3 4 5 |  5.0
Earth Magic    | 3 4 5 7 8 10 11 12 13 14 | 14.7
Dodging        | 4 5 6 10 14 16 18 22 | 22.2
Fighting       | 2 5 6 8 9 10 11 12 | 12.0
Alchemy        | 4 5 9 10 12 13 15 16 | 16.0
Short Blades   | 2 |  2.0
Fire Magic     | 1 5 |  5.0
Evocations     | 5 6 10 | 10.0
Translocations | 1 |  1.0
Necromancy     | 4 6 8 10 | 10.0
Hexes          | 5 8 10 | 10.0
Ice Magic      | 3 5 8 9 |  9.2
Stealth        | |  3.0

Action                     |  1- 3 |  4- 6 |  7- 9 | 10-12 | 13-15 | 16-18 | 19-21 || total
---------------------------+-------+-------+-------+-------+-------+-------+-------++-------
  Melee: Spear             |     1 |       |       |       |       |       |       ||     1
         Dagger            |     3 |     2 |    10 |   121 |    41 |       |       ||   177
         Bite              |       |       |     2 |       |       |       |       ||     2
         Kick              |       |       |       |       |    23 |       |       ||    23
         Mace              |       |       |       |       |     6 |       |       ||     6
   Fire: Sling             |       |       |       |       |    27 |    27 |     1 ||    55
   Cast: Sandblast         |    42 |    64 |    28 |       |       |       |       ||   134
         Stone Arrow       |       |     4 |   113 |   209 |    57 |   114 |    39 ||   536
         Petrify           |       |       |       |     9 |     1 |       |       ||    10
         Olgreb's Toxic Ra |       |       |       |    39 |   122 |   164 |    83 ||   408
         Ignite Poison     |       |       |       |    21 |   111 |   120 |    67 ||   319
         Lee's Rapid Decon |       |       |       |    39 |   144 |   262 |   199 ||   644
         Apportation       |       |       |       |       |     5 |    50 |    18 ||    73
         Yara's Violent Un |       |       |       |       |     1 |    22 |    32 ||    55
         Sublimation of Bl |       |       |       |       |       |    70 |    24 ||    94
         Eringya's Noxious |       |       |       |       |       |    56 |    14 ||    70
         Permafrost Erupti |       |       |       |       |       |     2 |     3 ||     5
  Evoke: Wand              |       |       |       |     1 |     3 |     5 |     3 ||    12
         Condenser vane    |       |       |       |       |       |     1 |       ||     1
    Use: Scroll            |       |     6 |     6 |     4 |     8 |    10 |     5 ||    39
         Potion            |       |       |       |       |     3 |     5 |     8 ||    16
   Stab: Sleeping          |     3 |     1 |     1 |       |     1 |       |       ||     6
         Petrified         |       |       |       |     9 |       |       |       ||     9
         Petrifying        |       |       |       |     1 |       |       |       ||     1
 Armour: Robe              |     4 |     9 |    12 |    57 |   112 |   112 |    86 ||   392
  Dodge: Dodged            |     8 |    25 |    51 |   160 |   306 |   580 |   170 ||  1300
  Block: Other             |       |       |     6 |       |       |       |       ||     6
         Buckler           |       |       |       |       |    38 |    97 |    48 ||   183
         Reflection        |       |       |       |       |       |       |    12 ||    12

Table legend: (Time is in decaauts)
 A = Elapsed time spent in this place.
 B = Non-inter-level travel time spent in this place.
 C = Inter-level travel time spent in this place.
 D = Time resting spent in this place.
 E = Time spent auto-exploring this place.
 F = Levels seen in this place.
 G = Mean time per level.
                   A        B        C        D        E       F      G
               +--------+--------+--------+--------+--------+-----+--------+
         Total |  20397 |  18814 |   1583 |     82 |   9625 |  45 |  453.3 |
       Dungeon |   7471 |   6912 |    559 |     42 |   4441 |  15 |  498.1 |
          Lair |   3421 |   3050 |    371 |     34 |   1908 |   5 |  684.2 |
        Shoals |   2663 |   2537 |    126 |      2 |   1000 |   4 |  665.8 |
   Spider Nest |   2001 |   1846 |    155 |      0 |    628 |   4 |  500.2 |
    Slime Pits |    112 |     74 |     38 |      0 |      0 |   5 |   22.4 |
  Orcish Mines |   1078 |    924 |    154 |      4 |    473 |   2 |  539.0 |
   Elven Halls |   2018 |   1867 |    151 |      0 |    916 |   3 |  672.7 |
        Vaults |   1215 |   1190 |     25 |      0 |    240 |   5 |  243.0 |
      Ice Cave |    118 |    118 |      0 |      0 |      0 |   1 |  118.0 |
        Wizlab |    297 |    297 |      0 |      0 |     15 |   1 |  297.0 |
               +--------+--------+--------+--------+--------+-----+--------+

Top non-repeatable levels by time:
Shoals:4: 1000 daAuts
   Elf:3: 905 daAuts
  Lair:2: 782 daAuts
  Lair:4: 773 daAuts
  Lair:3: 729 daAuts
     D:6: 716 daAuts
   Elf:1: 677 daAuts
Spider:4: 671 daAuts
Shoals:3: 643 daAuts
  Lair:5: 621 daAuts
    D:11: 620 daAuts
   Orc:2: 596 daAuts
    D:10: 589 daAuts
     D:9: 585 daAuts
Shoals:1: 560 daAuts

Levels and vault maps discovered:
D:1:      sevenhm_arrival_forest_fort_small_4, layout_basic,
          chequers_ecumenical_altar_island
D:2:      layout_basic
D:3:      layout_rooms, mainiacjoe_overflow_brackets
D:4:      layout_rooms
D:5:      layout_cave_pools, uniq_duvessa, uniq_sigmund
D:6:      layout_basic, kiku_gazebo_pond_becter,
          mainiacjoe_overflow_tiny_flanked, gammafunk_temple_overflow_claw,
          gammafunk_ghost_icy
D:7:      layout_loops_ring, nicolae_gozag_seed_capital, temple_hall
D:8:      layout_rooms, nicolae_hepliaklqana_hazy_memory, serial_shops,
          nicolae_shop_stone, monkooky_shop_mail_order
D:9:      layout_basic, chequers_serial_rivers_room_b, nicolae_blasting_shop,
          uniq_pikel
D:10:     layout_cave_pools, slow_altar_2, serial_gnoll_camp,
          gnoll_camp_medium_01, gnoll_camp_mini_loothouse,
          gnoll_camp_huts_basic, gnoll_camp_mini_house, gnoll_camp_mini_hut,
          nicolae_shop_vocational
D:11:     layout_roguey, dpeg_oklobed_lair, zombieorc2_lemuel, uniq_maurice
D:12:     layout_small_grid, chequers_serial_rivers_micro_e, uniq_erolcha
D:13:     layout_irregular_city, uniq_jorgrun, uniq_rupert
D:14:     layout_loops_ring, hellmonk_vaults_order_and_chaos,
          serial_bayou_pond_d
D:15:     hellmonk_depths_entry_around_the_bend, layout_irregular_city,
          chequers_serial_rivers_micro_d
Lair:1:   layout_chaotic_city, dreamdust_gnoll_shepherd
Lair:2:   layout_regular_city, minmay_shoals_entry_beasts,
          hellmonk_spider_entry_life_and_decay, hellmonk_ghost_happy_afterlife,
          minmay_stone_trees_small
Lair:3:   layout_regular_city, ebering_ghost_xom, grunt_forest_stairs_basic,
          minivault_11, nicolae_lair_lakeside_cave
Lair:4:   layout_cave_pods, minmay_slime_entry_jelly_boxes
Lair:5:   evilmike_catoblepas_cave, layout_misc_corridors, uniq_josephine
Shoals:1: layout_shoals
Shoals:2: layout_shoals
Shoals:3: layout_shoals
Shoals:4: shoals_end_simple, layout_shoals,
          beargit_guarded_unrand_captain_cutlass,
          nicolae_shoals_former_cling_halls
Spider:1: layout_spider_delve
Spider:2: layout_spider_delve, uniq_roxanne, uniq_donald
Spider:3: layout_cave_pods, nicolae_spider_not_touching_you
Spider:4: spider_rune_water
Slime:1:  layout_caves, basic_altar, nicolae_slime_barrier,
          nicolae_slime_ancient_tower_intersection
Slime:2:  layout_caves
Slime:3:  layout_caves
Slime:4:  layout_caves
Slime:5:  slime_pit_nicolae_jellycorners
Orc:1:    minmay_goldmine, layout_caves
Orc:2:    st_orc_ogre_mass, layout_caves, ebering_ghost_gozag, mines3_lemuel,
          uniq_nessos
Elf:1:    nicolae_elf_arrival_no_cutting_in_line, layout_geoelf_diagonals,
          serial_corexii_hall, corexii_hall_statues_deadend,
          chequers_hall_statues_wall_a, serial_shops, nicolae_shop_rolled_up,
          shop, nicolae_shop_tiny_statue_garden, kilobyte_rumbling_trees
Elf:2:    nicolae_elf_blades_splatter_lattice [nicolae_blade_lattice],
          layout_rooms, portal_ice_cave_entry_ice_statue_one,
          minmay_misc_feat_diagonals
Elf:3:    nooodl_elf_gasket, layout_gridlike, mu_enter_wizlab_6
Vaults:1: nicolae_vaults_trapezoid_2, vaults_room_semicircle,
          hangedman_vaults_stretched_pinwheel, vaults_room_pools,
          nicolae_vaults_diamond_1, nicolae_vaults_double_plus_2,
          vaults_dpeg_cross, layout_vaults_omnigrid
Vaults:2: nicolae_vaults_spaceships, nicolae_vaults_trapezoid_4,
          nicolae_vaults_door_testing_chamber, nicolae_vaults_storage_closets_3,
          hangedman_vaults_river_flow, nicolae_vaults_shipping_containers_2,
          v_misc_15, nicolae_vaults_network_quinsquares
          [nicolae_vaults_network_quincunx_subvault,
          nicolae_vaults_network_quincunx_subvault,
          nicolae_vaults_network_quincunx_subvault,
          nicolae_vaults_network_quincunx_subvault],
          nicolae_vaults_shrinking_rooms_1, minmay_crypt_entry_simple_round,
          nicolae_vaults_tetromino_T_1, vaults_dpeg_ring, layout_vaults_omnibox,
          serial_shops, nicolae_shop_dealshenge, uniq_zenata
Vaults:3: nicolae_vaults_closet_pinwheel_4, nicolae_vaults_closet_pinwheel_1,
          ontoclasm_vaults_pinch, v_alt_pattern_6, grunt_vaults_focal,
          nicolae_vaults_sesquioval_fish, v_misc_9,
          nicolae_vaults_taking_the_gang_shopping, vaults_room_pools,
          layout_vaults_chaotic_city
Vaults:4: nicolae_vaults_twisting_passages, nicolae_vaults_big_angled_halls,
          vaults_room_grid, v_rooms_4, lemuel_ogre_cave, v_misc_26, v_misc_26,
          v_alt_pattern_6, vaults_standard_mumra_x, ontoclasm_vaults_gateway,
          vaults_room_pools, vaults_room_door_ring, layout_vaults_maze,
          serial_shops, nicolae_shop_trees, uniq_boris
Vaults:5

Table legend: (Time is in decaauts)
 A = Elapsed time spent in this place.
 B = Non-inter-level travel time spent in this place.
 C = Inter-level travel time spent in this place.
 D = Time resting spent in this place.
 E = Time spent auto-exploring this place.
 F = Levels seen in this place.
 G = Mean time per level.
                   A        B        C        D        E       F      G
               +--------+--------+--------+--------+--------+-----+--------+
         Total |  20397 |  18814 |   1583 |     82 |   9625 |  45 |  453.3 |
       Dungeon |   7471 |   6912 |    559 |     42 |   4441 |  15 |  498.1 |
          Lair |   3421 |   3050 |    371 |     34 |   1908 |   5 |  684.2 |
        Shoals |   2663 |   2537 |    126 |      2 |   1000 |   4 |  665.8 |
   Spider Nest |   2001 |   1846 |    155 |      0 |    628 |   4 |  500.2 |
    Slime Pits |    112 |     74 |     38 |      0 |      0 |   5 |   22.4 |
  Orcish Mines |   1078 |    924 |    154 |      4 |    473 |   2 |  539.0 |
   Elven Halls |   2018 |   1867 |    151 |      0 |    916 |   3 |  672.7 |
        Vaults |   1215 |   1190 |     25 |      0 |    240 |   5 |  243.0 |
      Ice Cave |    118 |    118 |      0 |      0 |      0 |   1 |  118.0 |
        Wizlab |    297 |    297 |      0 |      0 |     15 |   1 |  297.0 |
               +--------+--------+--------+--------+--------+-----+--------+

Top non-repeatable levels by time:
Shoals:4: 1000 daAuts
   Elf:3: 905 daAuts
  Lair:2: 782 daAuts
  Lair:4: 773 daAuts
  Lair:3: 729 daAuts
     D:6: 716 daAuts
   Elf:1: 677 daAuts
Spider:4: 671 daAuts
Shoals:3: 643 daAuts
  Lair:5: 621 daAuts
    D:11: 620 daAuts
   Orc:2: 596 daAuts
    D:10: 589 daAuts
     D:9: 585 daAuts
Shoals:1: 560 daAuts

Table legend:
 A = Kills in this place as a percentage of kills in the entire game.
 B = Kills by you in this place as a percentage of kills by you in the entire game.
 C = Kills by friends in this place as a percentage of kills by friends in the entire game.
 D = Other kills in this place as a percentage of other kills in the entire game.
 E = Experience gained in this place as a percentage of experience gained in the entire game.
 F = Experience gained in this place divided by the number of levels of this place that you have seen.
                   A       B       C       D       E      F
               +-------+-------+-------+-------+-------+----------------------
         Total | 100.0 | 100.0 | 100.0 | 100.0 | 100.0 | 13695.1
       Dungeon |  26.9 |  26.6 |  39.0 |   0.0 |  10.8 | 4427.5
          Lair |  11.7 |  11.5 |  17.1 |  33.3 |   9.1 | 11165.2
        Shoals |  13.1 |  13.1 |  14.6 |  33.3 |  14.4 | 22179.8
   Spider Nest |  12.8 |  13.1 |   7.3 |   0.0 |  13.3 | 20457.2
  Orcish Mines |   7.4 |   7.6 |   0.0 |  33.3 |   4.4 | 13440.5
   Elven Halls |  12.2 |  12.1 |  14.6 |   0.0 |  20.2 | 41543.3
        Vaults |  12.3 |  12.6 |   4.9 |   0.0 |  23.2 | 28558.4
      Ice Cave |   1.8 |   1.9 |   0.0 |   0.0 |   1.6 | 9861.0
        Wizlab |   1.7 |   1.6 |   2.4 |   0.0 |   3.1 | 19328.0
               +-------+-------+-------+-------+-------+----------------------
